 Dungeon Crawl Stone Soup version 0.22-a0-782-g038298e (webtiles) character file.

25 Amnesiac the Digger (level 2, -20/19 HPs)
             Began as a Mummy Earth Elementalist on July 20, 2018.
             Demolished by an ogre
             ... wielding a +0 giant club
              (27 damage)
             ... on level 4 of the Dungeon.
             The game lasted 00:01:12 (694 turns).

Amnesiac the Digger (Mummy Earth Elementalist)       Turns: 694, Time: 00:01:13

Health: -20/19     AC:  2    Str: 14    XL:     2   Next: 82%
Magic:  6/6        EV: 12    Int: 14    God:
Gold:   25         SH:  0    Dex: 12    Spells: 4/7 levels left

rFire    x . .     SeeInvis .   d - +2 whip (venom)
rCold    + . .     Gourm    .   (no shield)
rNeg     + + +     Faith    .   c - +0 robe
rPois    ∞         Spirit   .   (no helmet)
rElec    .         Reflect  .   (no cloak)
rCorr    .         Harm     .   (no gloves)
MR       .....                  (no boots)
Stlth    ++........             (no amulet)
HPRegen  0.06/turn              e - +3 ring of strength
MPRegen  0.10/turn              (no ring)

@: no status effects
A: no food or potions, fire vulnerability, cold resistance 1, negative energy
resistance 3, torment resistance, unbreathing
a: no special abilities


You were on level 4 of the Dungeon.
You were not hungry.

You visited 1 branch of the dungeon, and saw 4 of its levels.

You collected 25 gold pieces.

Inventory:

Hand Weapons
 a - a +0 dagger
 d - a +2 whip of venom (weapon)
Missiles
 b - 51 stones (quivered)
Armour
 c - a +0 robe (worn)
Jewellery
 e - a +3 ring of strength (left hand)


   Skills:
 - Level 1.5 Dodging
 - Level 1.5 Stealth
 + Level 3.1 Spellcasting
 - Level 0.7 Transmutations
 * Level 3.2 Earth Magic


You had 4 spell levels left.
You knew the following spells:

 Your Spells              Type           Power        Failure   Level  Hunger
a - Sandblast             Erth           ##....       6%          1    N/A
b - Passwall              Tmut/Erth      #.......     14%         2    N/A

Your spell library contained the following spells:

 Spells                   Type           Power        Failure   Level  Hunger
 Stone Arrow              Conj/Erth      #.....       32%         3    N/A
 Lee's Rapid Deconstruct  Erth           ##........   85%         5    N/A
 Petrify                  Tmut/Erth      #.......     67%         4    N/A

Dungeon Overview and Level Annotations

Branches:
Dungeon (4/15)             Temple (0/1) D:4

Altars:
Dithmenos
The Shining One


Innate Abilities, Weirdness & Mutations

You do not eat or drink.
Your flesh is vulnerable to fire.
You are immune to poison.
Your flesh is cold resistant. (rC+)
You are immune to negative energy. (rN+++)
You are immune to unholy pain and torment.
You can survive without breathing.


Message History

A leopard gecko skeleton comes into view.
Found a shadowy altar of Dithmenos.
There is a stone staircase leading up here.
The leopard gecko skeleton barely misses you.
You hit the leopard gecko skeleton.
The leopard gecko skeleton is heavily damaged.
The leopard gecko skeleton closely misses you.
You completely miss the leopard gecko skeleton.
The leopard gecko skeleton is heavily damaged.
The leopard gecko skeleton closely misses you.
You closely miss the leopard gecko skeleton.
The leopard gecko skeleton is heavily damaged.
The leopard gecko skeleton bites you.
You whack the leopard gecko skeleton!
You destroy the leopard gecko skeleton!
HP restored.
You open the door.
There is an open door here.
A frilled lizard comes into view.
A frilled lizard is nearby!
The helpless frilled lizard fails to defend itself.
You hit the frilled lizard.
The frilled lizard is poisoned.
The frilled lizard is heavily wounded.
You kill the frilled lizard!
No target in view!
You open the door.
There is an open door here.
There is an open door here.
As you open the door, it creaks loudly!
There is an open door here.
There is an open door here.
You open the door.
Found a robe.
There is an open door here.
b - 51 stones (gained 10)
You open the door.
There is an open door here.
Found a stone staircase leading down.
You open the door.
Found 11 arrows.
Found 2 green potions.
There is an open door here.
You open the door.
There is an open door here.
You open the door.
A worker ant and an orc come into view.
Found a scroll labeled RAMOFFAEDO.
There is an open door here.
There are monsters nearby!
There are monsters nearby!
The worker ant twitches its antennae in your direction.
Found a staircase to the Ecumenical Temple.
An ogre comes into view. It is wielding a giant club.
The ogre shouts!
The ogre hits you with a giant club!
Ouch! That really hurt!
* * * LOW HITPOINT WARNING * * *
Unknown command.
The worker ant bites you.
* * * LOW HITPOINT WARNING * * *
Unknown command.
The ogre hits you with a giant club!!
Ouch! That really hurt!
You die...

#.##..#.......
##'##..#.....#######
#......#.....#.....#
'......'.....#.....#
#..###.#.....#.....#
#..###.##....#.....#
....#...#....+.....+ .
....#...#....#.....#....
#...#####......a@...#
###'#####...#..O#...#
.......#....#.⌠.#......#
.....!.#..###...###....#
########+...........#..#
...⌠..>..⌠..# .#
.............. # ..
.###...###.. ..... ..
#.⌠.# ..


You could see an ogre and a worker ant.

Vanquished Creatures
  An adder (D:2)
  A worm (D:3)
  A dart slug (D:3)
  A bat (D:2)
  A goblin (D:3)
  A hobgoblin (D:3)
  2 kobolds
  A quokka (D:3)
  A frilled lizard (D:4)
  A leopard gecko skeleton (D:4)
  A rat (D:3)
12 creatures vanquished.

Notes
Turn   | Place    | Note
-------+----------+-------------------------------------------
     0 | D:1      | Amnesiac the Mummy Earth Elementalist began the quest for the Orb.
     0 | D:1      | Reached XP level 1. HP: 13/13 MP: 4/4
    81 | D:2      | Reached XP level 2. HP: 14/19 MP: 1/5
    85 | D:2      | Learned a level 2 spell: Passwall
   529 | D:3      | Found a glowing golden altar of the Shining One.
   566 | D:4      | Found a shadowy altar of Dithmenos.
   689 | D:4      | Found a staircase to the Ecumenical Temple.
   690 | D:4      | Noticed an ogre
   694 | D:4      | Demolished by an ogre

Vault maps used:
D:1:      lemuel_arrival_broad_hall
D:2:      first_ration, kennysheep_pointless_box, kennysheep_potato
D:3:      palyth_stone_intersect, st_stairs_9, kennysheep_path_1,
          nicolae_tso_swordbearing_angel
D:4:      grunt_dithmenos_smoke_and_mirrors, minmay_temple_entry_junction_2,
          minivault_24, uniq_crazy_yiuf_cottage

Skill      XL: |  1  2 |
---------------+-------+-----
Earth Magic    | 3 |  3.2
Spellcasting   | 3 |  3.1
Dodging        | |  1.5
Stealth        | |  1.5
Transmutations | |  0.7

Action                   || total
-------------------------++-------
Melee: Whip              ||    13
 Cast: Sandblast         ||    10
 Stab: Sleeping          ||     1
Dodge: Dodged            ||     7

Table legend:
 A = Spawn XP
 B = Non-spawn XP
 C = Spawn XP percentage of total XP
 D = Spawn monster count
 E = Non-spawn monster count
 F = Spawn count percentage of total count
 G = Total turns spent on level
                    A         B        C        D         E        F      G
               +---------+---------+-------+---------+---------+-------+---------
         Total |       0 |      36 |   0.0 |       0 |      12 |   0.0 |   694
               +---------+---------+-------+---------+---------+-------+---------
           D:2 |       0 |      17 |   0.0 |       0 |       3 |   0.0 |   135
           D:3 |       0 |      17 |   0.0 |       0 |       7 |   0.0 |   415
           D:4 |       0 |       2 |   0.0 |       0 |       2 |   0.0 |   128
               +---------+---------+-------+---------+---------+-------+---------
